 Dungeon Crawl Stone Soup version 0.21.0-3-g78d12a8 (webtiles) character file.

36 Mgcat the Cudgeler (level 3, -2/23 HPs)
             Began as a Gargoyle Fighter on Jan 16, 2018.
             Killed from afar by a dart slug (7 damage)
             ... with a slug dart
             ... on level 1 of the Dungeon.
             The game lasted 00:01:14 (348 turns).

Mgcat the Cudgeler (Gargoyle Fighter)                Turns: 348, Time: 00:01:14

Health: -2/23      AC: 10    Str: 19    XL:     3   Next: 37%
Magic:  3/3        EV:  7    Int:  8    God:
Gold:   7          SH:  9    Dex: 10    Spells: 2/2 levels left

rFire    . . .     SeeInvis .   a - +0 flail
rCold    . . .     Gourm    .   c - +0 shield
rNeg     + . .     Faith    .   b - +0 scale mail
rPois    ∞         Spirit   .   (no helmet)
rElec    +         Reflect  .   (no cloak)
rCorr    .         Harm     .   (no gloves)
MR       .....                  (no boots)
Stlth    ..........             (no amulet)
HPRegen  0.07/turn              (no ring)
MPRegen  0.08/turn              (no ring)

@: no status effects
A: negative energy resistance 1, electricity resistance, unbreathing,
petrification resistance, rot immunity, AC +3
a: no special abilities


You were on level 1 of the Dungeon.
You were not hungry.

You visited 1 branch of the dungeon, and saw 1 of its levels.

You collected 7 gold pieces.

Inventory:

Hand Weapons
 a - a +0 flail (weapon)
Armour
 b - a +0 scale mail (worn)
 c - a +0 shield (worn)
Scrolls
 e - 2 scrolls of identify {unknown}
 h - 2 scrolls of blinking {unknown}
Potions
 d - a potion of might
Comestibles
 f - 3 rations
 g - 2 chunks of flesh


   Skills:
 - Level 3.3 Fighting
 + Level 3.6 Maces & Flails
 - Level 3.3 Armour
 - Level 3.3 Shields


You had 2 spell levels left.
You didn't know any spells.

Dungeon Overview and Level Annotations

Branches:
Dungeon (1/15)

Altars:


Innate Abilities, Weirdness & Mutations

You are resistant to torment.
Your stone body is resilient. (AC +3)
You are immune to poison.
You resist negative energy. (rN+)
You are resistant to electric shocks. (rElec)
You can survive without breathing.
You are immune to petrification.
You are immune to rotting.


Message History

You block the goblin's attack.
You closely miss the goblin. You block the goblin's attack.
You hit the goblin.
You kill the goblin!
You hit the rat.
You kill the rat!
You barely miss the kobold. You block the kobold's attack.
You closely miss the kobold.
The kobold hits you but does no damage. x2
You closely miss the kobold. The kobold hits you but does no damage.
You closely miss the kobold. You block the kobold's attack.
You barely miss the kobold. The kobold hits you with a short sword.
* * * LOW HITPOINT WARNING * * *
You block the kobold's attack.
You barely miss the kobold. You block the kobold's attack.
You hit the kobold but do no damage. The kobold hits you but does no damage.
You sock the kobold!
You kill the kobold!
The dart slug launches a dart at you. The slug dart hits you!
You die...

####.#.##....#..# #.# ######
#......#..##.# #.# #
##..........#.## #.## #
#...[.......#..# #..## # #
###.......######.###...###### ##.
....#.....# ##.##..........
...####.......# ###..............
..............###.....#..........
..#.....#..>.bw)@.###........[...
.......†.(....##### ##.#...#####.
.......(#..[..# #.###..# #.
..#.....####..# #.####.####>
........#####.### #.......##..
###.###.........# ###...##...# #.
#..######.# #..÷.#...### # #..#
#.# #.##...### #$?#
#.######.##..##


You could see a dart slug and a bat.

Vanquished Creatures
  An ooze (D:1)
  2 dart slugs (D:1)
  A leopard gecko (D:1)
  A giant cockroach (D:1)
  4 goblins (D:1)
  4 hobgoblins (D:1)
  5 jackals (D:1)
  4 kobolds (D:1)
  A bat (D:1)
  A frilled lizard (D:1)
  A rat (D:1)
25 creatures vanquished.

Notes
Turn   | Place    | Note
-------+----------+-------------------------------------------
     0 | D:1      | Mgcat the Gargoyle Fighter began the quest for the Orb.
     0 | D:1      | Reached XP level 1. HP: 14/14 MP: 1/1
    38 | D:1      | Reached XP level 2. HP: 19/19 MP: 2/2
   299 | D:1      | Reached XP level 3. HP: 23/23 MP: 3/3
   348 | D:1      | Killed from afar by a dart slug

Skill      XL: |  1  2 |
---------------+-------+-----
Maces & Flails | 3 |  3.6
Fighting       | |  3.3
Armour         | |  3.3
Shields        | |  3.3

Action                   || total
-------------------------++-------
Melee: Flail             ||    90
Armor: Scale mail        ||    93
Dodge: Dodged            ||    46
Block: Shield            ||    75
